 Dungeon Crawl Stone Soup version 0.25-a0-424-g80bd347ae0 (webtiles) character file.

Game seed: 789229003487059901, levelgen mode: deterministic

8607 Eurus the Thaumaturge (level 11, -1/84 HPs)
             Began as a Mummy Conjurer on Jan 23, 2020.
             Was a Follower of Ashenzari.
             Slain by Urug
             ... wielding a +2 halberd
              (20 damage)
             ... on level 11 of the Dungeon.
             The game lasted 00:52:56 (15687 turns).

Eurus the Thaumaturge (Mummy Conjurer)             Turns: 15687, Time: 00:52:57

Health: -1/84      AC: 10    Str: 12    XL:     11   Next: 12%
Magic:  20/33      EV: 18    Int: 17    God:    Ashenzari [*.....]
Gold:   460        SH:  0    Dex: 13    Spells: 20/29 levels left

rFire    x . .     SeeInvis .   c - +3 quarterstaff (chaos) (curse)
rCold    + . .     Gourm    .   (shield currently unavailable)
rNeg     + + +     Faith    .   a - +0 troll leather armour
rPois    ∞         Spirit   .   (no helmet)
rElec    .         Reflect  .   j - +2 cloak
rCorr    .         Harm     .   v - +1 pair of gloves {archery}
MR       +....                  b - +0 pair of boots
Stlth    ++........             (no amulet)
HPRegen  0.64/turn              k - +6 ring of evasion
MPRegen  0.23/turn              m - ring of magical power

@: no status effects
A: no food or potions, fire vulnerability, cold resistance 1, negative energy
resistance 3, torment resistance, unbreathing
a: Curse Item, Scrying, Renounce Religion


You were on level 11 of the Dungeon.
You worshipped Ashenzari.
Ashenzari was aware of your devotion.
You were not hungry.

You visited 2 branches of the dungeon, and saw 12 of its levels.
You also visited: Sewer.

You collected 460 gold pieces.

Inventory:

Hand Weapons
 c - a cursed +3 quarterstaff of chaos (weapon)
Armour
 a - a +0 troll leather armour (worn)
 b - a +0 pair of boots (worn)
 j - a +2 cloak (worn)
 l - a +2 buckler
 t - a +2 ring mail of poison resistance
 v - a +1 pair of gloves of archery (worn)
 A - a +1 robe of resistance
Jewellery
 k - a +6 ring of evasion (left hand)
 m - a ring of magical power (right hand)
Wands
 g - a wand of flame (21)
 i - a wand of paralysis (11)
 w - a wand of acid (16)
 x - a wand of enslavement (7)
 z - a wand of random effects (14)
Scrolls
 d - 2 scrolls of blinking
 e - 4 scrolls of magic mapping
 f - 7 scrolls of teleportation
 h - 5 scrolls of amnesia
 n - 3 scrolls of fear
 o - 3 scrolls of fog
 p - a scroll of remove curse
 q - a scroll of summoning
 r - 3 scrolls of enchant armour
 s - 2 scrolls of identify


   Skills:
 + Level 7.4 Fighting
 + Level 5.9 Staves
 + Level 2.0 Armour
 - Level 3.0 Dodging
 - Level 3.0 Stealth
 + Level 9.5 Spellcasting
 + Level 7.1 Conjurations
 + Level 6.0 Translocations


You had 20 spell levels left.
You knew the following spells:

 Your Spells              Type           Power        Failure   Level  Hunger
a - Magic Dart            Conj           ####         1%          1    N/A
b - Searing Ray           Conj           ####..       1%          2    N/A
c - Blink                 Tloc           N/A          1%          2    N/A
d - Iskenderun's Mystic   Conj/Tloc      ####....     8%          4    N/A

Your spell library contained the following spells:

 Spells                   Type           Power        Failure   Level  Hunger
 Conjure Flame            Conj/Fire      ###.....     8%          3    N/A
 Dazzling Flash           Conj/Hex       ###...       8%          3    N/A
 Recall                   Summ/Tloc      N/A          10%         3    N/A
 Mephitic Cloud           Conj/Pois/Air  ###.....     13%         3    N/A
 Call Imp                 Summ           #.......     17%         2    N/A
 Slow                     Hex            #.......     17%         2    N/A
 Fulminant Prism          Conj/Hex       ###.......   26%         4    N/A
 Hailstorm                Conj/Ice       ###.....     26%         4    N/A
 Animate Dead             Necr           N/A          75%         4    N/A
 Summon Ice Beast         Ice/Summ       #.......     75%         4    N/A
 Borgnjor's Vile Clutch   Necr/Erth      #.........   97%         5    N/A
 Death Channel            Necr           #.........   100%        6    N/A
 Ozocubu's Refrigeration  Ice            #.........   100%        6    N/A
 Simulacrum               Ice/Necr       #.........   100%        6    N/A

Dungeon Overview and Level Annotations

Branches:
Dungeon (11/15)            Temple (1/1) D:7            Lair (0/6) D:8
    Orc (0/2) D:9           Sewer (visited)

Altars:
Ashenzari
Cheibriados
Dithmenos
Elyvilon
Fedhas
Gozag
Hepliaklqana
Kikubaaqudgha
Makhleb
Nemelex Xobeh
Okawaru
Qazlal
Ru
Sif Muna
Trog
Uskayaw
Vehumet
Wu Jian
Xom
Yredelemnul
Zin
The Shining One

Annotations:
D:2 Robin
D:10 1 runed translucent door, exclusion: gargoyle, anet's ghost, journeyman DrMo
D:11 Urug


Innate Abilities, Weirdness & Mutations

You do not eat or drink.
Your flesh is vulnerable to fire.
You are immune to poison.
Your flesh is cold resistant. (rC+)
You are immune to negative energy. (rN+++)
You are immune to unholy pain and torment.
You can survive without breathing.


Message History

Casting: Searing Ray (safe; 1% risk of failure)
Confirm with . or Enter, or press ? or * to list all spells.
Aiming: Searing Ray (safe; 1% risk of failure)
Press: ? - help, Shift-Dir - straight line, f/p - Urug
Aim: Urug, wielding a +2 halberd, wearing a +0 chain mail and carrying a wand of digging (2) (severely wounded)
The searing ray hits Urug but does no damage.
Urug is severely wounded. (Press . to maintain the ray.)
The searing ray hits Urug but does no damage.
Urug is severely wounded.
Urug completely misses you.
The searing ray hits Urug.
Urug is severely wounded.
Urug hits you from afar with a +2 halberd!
* * * LOW HITPOINT WARNING * * *
The searing ray hits Urug!
Urug is almost dead.
You finish channeling your searing ray.
Urug hits you from afar with a +2 halberd!!
You die...

..............#
..............###########
..................)(.....
.................>.......
.........................
.........................
.........................
.........(.@.o...........
.........................
##############..#########
#..# #..# #..# #..# #..#


You could see Urug.

Vanquished Creatures
  Joseph (D:8)
  2 trolls
  A hornet (D:10)
  3 hippogriffs
  6 yaks
  2 basilisks (D:8)
  A wyvern (D:9)
  A hungry ghost (D:9)
  Duvessa (D:6)
  4 orc warriors (D:9)
  3 sky beasts
  A centaur (D:7)
  14 ogres
  2 crocodiles
  2 big kobolds (D:9)
  10 bullfrogs
  2 water moccasin skeletons
  8 scorpions
  Dowan (D:6)
  9 killer bees
  7 wights (D:10)
  A bullfrog zombie (D:7)
  3 crimson imps
  A centaur zombie (D:8)
  4 jellies
  Crazy Yiuf (D:2)
  6 hounds
  A quasit (D:10)
  3 orc priests
  2 centaur skeletons
  2 iguanas (D:7)
  A gnoll shaman (D:8)
  9 orc wizards
  3 worker ants
  A hound zombie (D:9)
  4 hound skeletons
  A howler monkey skeleton (D:4)
  13 adders
  14 gnolls
  4 river rats (Sewer)
  2 shadow imps
  3 oozes
  An adder skeleton (D:6)
  4 worms
  A dart slug (D:4)
  5 leopard geckos
  34 orcs
  17 ball pythons
  2 giant cockroaches
  9 hobgoblins
  10 jackals
  6 quokkas
  11 bats
  9 frilled lizards
  14 goblins
  4 kobolds
  A leopard gecko skeleton (D:5)
  A quokka skeleton (D:6)
  A quokka zombie (D:9)
  27 rats
317 creatures vanquished.

Notes
Turn   | Place    | Note
-------+----------+-------------------------------------------
     0 | D:1      | Eurus the Mummy Conjurer began the quest for the Orb.
     0 | D:1      | Reached XP level 1. HP: 13/13 MP: 4/4
   387 | D:1      | Reached XP level 2. HP: 20/20 MP: 3/5
   391 | D:1      | Learned a level 2 spell: Searing Ray
   558 | D:1      | Reached skill level 3 in Spellcasting
   870 | D:1      | Found a shimmering altar of Xom.
  1119 | D:2      | Reached skill level 1 in Fighting
  1139 | D:1      | Reached XP level 3. HP: 26/26 MP: 0/7
  1236 | D:2      | Noticed Robin
  2246 | D:2      | Learned a level 2 spell: Blink
  2302 | D:2      | Reached XP level 4. HP: 30/32 MP: 7/9
  2324 | D:2      | Learned a level 4 spell: Iskenderun's Mystic Blast
  2363 | D:2      | Found a runed translucent door.
  2364 | D:2      | Noticed Crazy Yiuf
  2372 | D:2      | Killed Crazy Yiuf
  2738 | D:3      | Reached XP level 5. HP: 16/38 MP: 3/10
  3458 | D:3      | Reached skill level 1 in Translocations
  3460 | D:3      | Reached skill level 4 in Spellcasting
  3773 | D:4      | Reached skill level 1 in Staves
  3773 | D:4      | Reached XP level 6. HP: 32/44 MP: 7/12
  4390 | D:4      | Reached XP level 7. HP: 51/51 MP: 7/13
  4994 | D:4      | Found a shimmering blue altar of Sif Muna.
  5090 | D:5      | Entered Level 5 of the Dungeon
  5131 | D:5      | Found a glowing drain.
  5171 | Sewer    | Entered a sewer
  5808 | Sewer    | Reached skill level 5 in Spellcasting
  6547 | D:5      | Reached XP level 8. HP: 58/58 MP: 11/16
  7037 | D:6      | Found a burning altar of Makhleb.
  7037 | D:6      | Found a shimmering altar of Xom.
  7392 | D:6      | Noticed Dowan
  7395 | D:6      | Noticed Duvessa
  7398 | D:6      | Killed Dowan
  7398 | D:6      | Reached skill level 6 in Spellcasting
  7760 | D:6      | Killed Duvessa
  8163 | D:7      | Reached skill level 5 in Conjurations
  8400 | D:7      | Found a staircase to the Ecumenical Temple.
  8412 | D:7      | Identified the Grimoire of the Unholy Frostbite
  8422 | Temple   | Entered the Ecumenical Temple
  8483 | Temple   | Became a worshipper of Ashenzari the Shackled
  8786 | D:7      | Found an iron altar of Okawaru.
  8878 | D:7      | Found a blossoming altar of Fedhas.
  9092 | D:7      | Found a stormy altar of Qazlal.
  9157 | D:7      | Reached XP level 9. HP: 52/67 MP: 17/19
  9729 | D:8      | Found a hazy altar of Hepliaklqana.
  9731 | D:8      | Found a shadowy altar of Dithmenos.
  9731 | D:8      | Found a basalt altar of Yredelemnul.
  9735 | D:8      | Reached skill level 5 in Fighting
 10014 | D:8      | Reached skill level 7 in Spellcasting
 10058 | D:8      | Found a staircase to the Lair.
 10059 | D:8      | Noticed an elephant
 10584 | D:9      | Found a staircase to the Orcish Mines.
 10584 | D:9      | Noticed a troll
 10657 | D:9      | Killed a troll
 10887 | D:8      | Reached * piety under Ashenzari
 11073 | D:8      | Reached skill level 8 in Spellcasting
 11345 | D:8      | Noticed Joseph
 11436 | D:8      | Killed Joseph
 11436 | D:8      | Reached XP level 10. HP: 35/76 MP: 7/22
 12158 | D:8      | Reached skill level 5 in Translocations
 12268 | D:9      | Reached skill level 5 in Staves
 13129 | D:9      | Reached skill level 9 in Spellcasting
 13176 | D:9      | Found a sparkling altar of Nemelex Xobeh.
 13182 | D:9      | Found a glowing silver altar of Zin.
 13188 | D:9      | Found a radiant altar of Vehumet.
 13327 | D:9      | Found a glowing golden altar of the Shining One.
 13552 | D:10     | Entered Level 10 of the Dungeon
 13959 | D:10     | Found a runed translucent door.
 13960 | D:10     | Noticed anet's ghost (journeyman DrMo)
 13990 | D:10     | Reached skill level 1 in Armour
 14432 | D:10     | Noticed a gargoyle
 15177 | D:10     | Reached XP level 11. HP: 84/84 MP: 24/24
 15509 | D:11     | Noticed Urug
 15687 | D:11     | Slain by Urug

Levels and vault maps discovered:
D:1:      minmay_arrival_stone_box, layout_basic, xom_teletrap_fun
D:2:      layout_loops_cross, kennysheep_decorative_pillar,
          grunt_decor_resistance, uniq_robin, uniq_crazy_yiuf_cottage
D:3:      layout_rooms
D:4:      minmay_angry_zag, layout_cave_pools, first_ration,
          grunt_decor_fettered, lemuel_blue_sif_altar
D:5:      minmay_recursive_quarters, layout_gridville, portal_sewer_entry_d,
          kennysheep_flooded_box
D:6:      layout_basic, grunt_temple_overflow_champion_of_chaos, uniq_duvessa
D:7:      layout_basic, kennysheep_mini_moat, okawaru_trees_1,
          nicolae_qazlal_eye_of_the_storm, minmay_temple_entry_mini_moons,
          grunt_ogre_cave
D:8:      layout_layer_cave, chequers_temple_overflow_statue_of_worship,
          david_lair_generic, uniq_joseph
D:9:      layout_rooms, nicolae_tso_carved_into_rock,
          minmay_overflow_temple_star_quad,
          kennysheep_orc_monster_closet_entryway
D:10:     layout_loops_corners, gammafunk_ghost_grave,
          chequers_serial_rivers_small_b, item_on_display_b
D:11:     layout_long_grid, gammafunk_ghost_arena, uniq_nergalle, uniq_urug
Temple:   cyrus_temple_forest

Skill      XL: |  1  2  3  4  5  6  7  8  9 10 11 |
---------------+----------------------------------+-----
Spellcasting   | 3 4 5 6 8 9 |  9.5
Fighting       | 1 2 3 4 6 7 |  7.4
Stealth        | 2 3 |  3.0
Dodging        | 2 3 |  3.0
Translocations | 1 2 3 4 5 6 |  6.0
Staves         | 1 2 3 4 5 |  5.9
Conjurations   | 4 5 6 7 |  7.1
Armour         | 1 2 |  2.0

Action                   |  1- 3 |  4- 6 |  7- 9 | 10-12 || total
-------------------------+-------+-------+-------+-------++-------
Melee: Unarmed           |    23 |       |       |       ||    23
       Dagger            |    75 |       |       |       ||    75
       Club              |     6 |       |       |       ||     6
       Quarterstaff      |       |    71 |   163 |   120 ||   354
 Cast: Magic Dart        |    78 |    44 |   195 |   109 ||   426
       Searing Ray       |     2 |    15 |    46 |    51 ||   114
Invok: Curse Item        |       |       |     1 |       ||     1
  Use: Scroll            |       |       |     8 |     4 ||    12
 Stab: Sleeping          |     2 |       |     2 |     1 ||     5
       Paralysed         |       |       |     1 |     1 ||     2
Armor: Robe              |    29 |    48 |    42 |    26 ||   145
       Troll leather arm |       |       |       |    40 ||    40
Dodge: Dodged            |   104 |   107 |   269 |   222 ||   702

Table legend:
 A = Non-vault XP
 B = Vault XP
 C = Vault XP percentage of total XP
 D = Non-vault monster count
 E = Vault monster count
 F = Vault count percentage of total count
                 A         B        C        D         E       F
            +---------+---------+-------+---------+---------+-------
      Total |    8692 |    3605 |  29.3 |     221 |      96 |  30.3
            +---------+---------+-------+---------+---------+-------
        D:1 |      36 |      12 |  25.0 |      21 |       6 |  22.2
        D:2 |      67 |      50 |  42.7 |      23 |       4 |  14.8
        D:3 |     347 |       0 |   0.0 |      29 |       0 |   0.0
        D:4 |     456 |       8 |   1.7 |      23 |       3 |  11.5
        D:5 |     165 |      63 |  27.6 |       8 |       7 |  46.7
        D:6 |     346 |     263 |  43.2 |       9 |       3 |  25.0
        D:7 |     677 |     116 |  14.6 |      18 |       1 |   5.3
        D:8 |    1741 |     941 |  35.1 |      28 |       4 |  12.5
        D:9 |    1211 |    1827 |  60.1 |      21 |      20 |  48.8
       D:10 |    3481 |       0 |   0.0 |      39 |       0 |   0.0
       D:11 |     165 |       0 |   0.0 |       2 |       0 |   0.0
      Sewer |       0 |     325 | 100.0 |       0 |      48 | 100.0
            +---------+---------+-------+---------+---------+-------
